AoeStats
← MAD

Fortress

510169898Analyzed
4v4 RM · 20h ago on Sep 29, 2026· 49m 11s· 8 players
Game mode
Random Map
Map size
Huge
Population
200
Speed
Normal
Resources
Standard
Victory
Conquest
Starting age
Dark Age
Ending age
Imperial Age
RankedLock teamsTeams togetherTeam positionsShared explorationLock speedFull tech treeHidden civsTurbo modeCheats
Victory
Defeat
🇦🇺 Khmer · Australia
983
+15
🇭🇰 Shu · Hong Kong SAR China
965
+16
🇨🇱 Varangians · Chile
950
+16
🇨🇱 Poles · Chile
908
+19
🇫🇴 Romans · Faroe Islands
979
-17
🇵🇱 Malians · Poland
979
-17
🇹🇷 Vietnamese · Türkiye
939
-16
🇹🇷 Poles · Türkiye
939
-16
karaokur
0:33 Loom
9:48 Feudal Age
10:40 Double-Bit Axe
10:38 Horse Collar
10:51 Stone Mining
11:57 Wheelbarrow
17:08 Castle Age
15:03 Gold Mining
15:16 Fletching
15:41 Padded Archer Armor
17:16 Forging
17:07 Scale Mail Armor
19:01 Squires
24:57 Bow Saw
25:14 Szlachta Privileges
25:20 Heavy Plow
26:11 Bodkin Arrow
29:16 Hand Cart
30:29 Iron Casting
30:11 Chain Mail Armor
34:44 Imperial Age
33:31 Town Watch
35:22 Elite Obuch
36:33 Conscription
38:32 Crop Rotation
39:55 Lechitic Legacy
41:21 Light Cavalry
42:02 Husbandry
42:16 Winged Hussar
43:17 Scale Barding Armor
44:13 Blast Furnace
43:48 Bloodlines
46:58 Chain Barding Armor
48:42 Pikeman
Helenka
7:23 Feudal Age
8:31 Double-Bit Axe
12:35 Castle Age
14:35 Wheelbarrow
13:46 Loom
17:36 Scale Mail Armor
18:14 Forging
18:50 Horse Collar
25:00 Iron Casting
25:28 Chain Mail Armor
27:46 Gold Mining
27:47 Stone Mining
28:00 Heavy Plow
28:15 Bow Saw
32:01 Imperial Age
29:47 Hand Cart
33:32 Conscription
33:16 Tigui
34:05 Plate Mail Armor
32:57 Elite Gbeto
34:18 Onager
42:08 Pikeman
42:48 Squires
42:34 Arson
48:20 Heated Shot
48:51 Ballistics
48:44 Masonry
SonniRagz
11:30 Feudal Age
12:41 Man-at-Arms
14:51 Horse Collar
15:03 Stone Mining
15:04 Gold Mining
15:01 Double-Bit Axe
15:54 Wheelbarrow
15:05 Town Watch
15:06 Loom
18:40 Castle Age
18:39 Scale Barding Armor
18:34 Scale Mail Armor
18:45 Forging
19:38 Heavy Plow
19:50 Bow Saw
20:17 Gold Shaft Mining
19:06 Long Swordsman
19:46 Squires
20:45 Hand Cart
25:21 Ballistas
26:49 Ballistics
26:41 Town Watch
26:41 Loom
27:25 Town Patrol
27:50 Chain Barding Armor
27:45 Chain Mail Armor
28:05 Iron Casting
28:11 Iron Casting
29:16 Coinage
32:38 Imperial Age
32:45 Legionary
32:55 Heavy Scorpion
34:40 Chemistry
34:22 Plate Barding Armor
34:48 Blast Furnace
34:40 Conscription
33:47 Capped Ram
35:38 Siege Engineers
37:41 Crop Rotation
38:24 Elite Centurion
44:39 Comitatenses
44:22 Cavalier
45:02 Husbandry
45:12 Bloodlines
MAD
0:57 Loom
6:06 Feudal Age
6:27 Horse Collar
6:34 Double-Bit Axe
7:25 Wheelbarrow
12:30 Gold Mining
15:44 Castle Age
14:48 Fletching
14:59 Padded Archer Armor
17:39 Stone Mining
19:48 Stone Shaft Mining
19:53 Bodkin Arrow
20:14 Leather Archer Armor
23:23 Hand Cart
23:35 Bow Saw
29:16 Chatras
30:06 Bloodlines
29:57 Husbandry
31:56 Town Watch
35:01 Imperial Age
34:00 Forging
35:56 Elite Rattan Archer
36:58 Paper Money
37:17 Hoardings
38:15 Bracer
38:49 Ballistics
40:41 Chemistry
40:12 Thumb Ring
39:34 Elite Skirmisher
42:39 Imperial Skirmisher
48:34 Ring Archer Armor
No.09
2:39 Loom
11:19 Feudal Age
13:30 Double-Bit Axe
17:20 Castle Age
16:30 Horse Collar
16:42 Gold Mining
16:45 Stone Mining
18:21 Scale Barding Armor
18:07 Fletching
20:58 Chain Barding Armor
22:27 Gold Shaft Mining
23:01 Husbandry
24:17 Wheelbarrow
24:48 Heavy Plow
25:49 Bodkin Arrow
27:02 Hand Cart
27:17 Bow Saw
34:33 Imperial Age
32:00 Town Watch
35:37 Conscription
35:19 Bolt Magazine
35:43 Bolt Magazine
36:55 Chemistry
37:00 Plate Barding Armor
36:28 Bracer
37:32 Two-Man Saw
37:31 Ballistics
37:17 Siege Engineers
39:15 Fortified Wall
41:08 Murder Holes
41:25 Masonry
40:55 Treadmill Crane
41:48 Forging
41:39 Scale Mail Armor
44:14 Architecture
Maldotroid
8:51 Feudal Age
9:38 Loom
10:39 Double-Bit Axe
10:48 Stone Mining
11:06 Horse Collar
13:35 Wheelbarrow
16:08 Castle Age
16:12 Arson
17:23 Hand Cart
17:49 Town Watch
18:53 Bow Saw
19:28 Scale Mail Armor
19:38 Forging
19:35 Squires
21:37 Heavy Plow
23:16 Chain Mail Armor
28:42 Imperial Age
26:26 Gold Mining
28:02 Stone Shaft Mining
28:12 Iron Casting
27:43 Scale Barding Armor
29:43 Bloodlines
28:55 Light Cavalry
29:57 Conscription
29:59 Lechitic Legacy
30:10 Husbandry
30:32 Chain Barding Armor
31:22 Winged Hussar
34:05 Chemistry
35:45 Blast Furnace
36:59 Murder Holes
37:16 Masonry
37:59 Hoardings
38:02 Elite Obuch
39:15 Fletching
40:38 Plate Mail Armor
40:04 Bodkin Arrow
40:33 Bombard Tower
41:42 Fortified Wall
41:14 Treadmill Crane
46:46 Siege Engineers
47:02 Ballistics
GdM_DR. TV
7:12 Feudal Age
7:41 Double-Bit Axe
12:39 Castle Age
10:59 Arson
11:27 Horse Collar
13:35 Bow Saw
15:16 Scale Mail Armor
15:56 Bow Saw
18:10 Chain Mail Armor
19:22 Heavy Plow
21:12 Wheelbarrow
20:51 Forging
22:45 Loom
22:52 Fletching
23:48 Squires
24:53 Bodkin Arrow
24:49 Gambesons
26:27 Town Watch
27:26 Bloodlines
29:31 Scale Barding Armor
30:20 Husbandry
30:33 Vendel Legacy
33:14 Iron Casting
33:01 Chain Barding Armor
32:32 Light Cavalry
38:13 Imperial Age
39:10 Hand Cart
39:30 Conscription
38:50 Cavalier
42:19 Masonry
42:30 Capped Ram
48:31 Gold Mining
48:31 Stone Mining
50:08 Plate Barding Armor
Rido
1:44 Loom
6:49 Feudal Age
8:18 Wheelbarrow
7:31 Double-Bit Axe
7:41 Horse Collar
12:50 Castle Age
11:40 Gold Mining
13:46 Hand Cart
19:11 Bow Saw
23:58 Husbandry
25:36 Bloodlines
25:48 Light Cavalry
28:31 Scale Barding Armor
29:04 Stone Mining
29:49 Gold Shaft Mining
29:04 Stone Mining
29:44 Heavy Plow
33:36 Imperial Age
31:39 Forging
32:48 Chain Barding Armor
33:04 Iron Casting
33:33 Stone Shaft Mining
34:19 Hussar
35:39 Plate Barding Armor
35:28 Conscription
36:52 Elite Battle Elephant
37:51 Tusk Swords
38:55 Blast Furnace
41:04 Double Crossbow
43:45 Crop Rotation
44:19 Chemistry
45:00 Siege Engineers
47:13 Caravan
48:22 Heavy Scorpion
Connection lost

Rejoining the realm…

Still unreachable

The connection could not be restored.

Session expired

The server has moved on; the page needs a fresh start.